 Dungeon Crawl Stone Soup version 0.22-a0-21-g9421e3f (webtiles) character file.

23227 nikopol the Archer (level 12, -4/168 HPs)
             Began as a Minotaur Berserker on Jan 2, 2018.
             Was a High Priest of Trog.
             Slain by a wyvern (13 damage)
             ... on level 5 of the Lair of Beasts.
             The game lasted 00:40:35 (16307 turns).

nikopol the Archer (Minotaur Berserker)            Turns: 16307, Time: 00:40:36

Health: -4/168     AC: 23    Str: 28    XL:     12   Next: 70%
Magic:  11/11      EV: 12    Int:  4    God:    Trog [*****.]
Gold:   1140       SH:  0    Dex: 16    Spells: 11/11 levels left

rFire    . . .     SeeInvis +   a - +3 battleaxe (freeze)
rCold    + . .     Gourm    .   (shield currently unavailable)
rNeg     . . .     Faith    .   D - +8 chain mail of the Fifty Blessings {Dex+2}
rPois    .         Spirit   .   (helmet restricted)
rElec    .         Reflect  .   A - +0 cloak
rCorr    .         Harm     .   H - +1 pair of gloves
MR       .....                  (no boots)
Stlth    ..........             (no amulet)
HPRegen  0.38/turn              e - ring of protection from cold
MPRegen  0.12/turn              K - ring of see invisible

@: berserking, lethally poisoned (-4 -> -13), very quick
A: retaliatory headbutt, horns 2
a: Berserk, Trog's Hand, Brothers in Arms, Burn Spellbooks, Renounce Religion


You were on level 5 of the Lair of Beasts.
You worshipped Trog.
Trog was extremely pleased with you.
You were very hungry.

You visited 2 branches of the dungeon, and saw 15 of its levels.

You collected 1140 gold pieces.

Inventory:

Hand Weapons
 a - a +3 battleaxe of freezing (weapon)
 q - a +1 flail of protection
 z - a +0 shortbow
 N - a +3 dire flail
Missiles
 v - 178 arrows
Armour
 A - a +0 cloak (worn)
 D - the +8 chain mail of the Fifty Blessings (worn) {Dex+2}
   (You found it on level 9 of the Dungeon)

   It affects your dexterity (+2).
 H - a +1 pair of gloves (worn)
Jewellery
 e - a ring of protection from cold (left hand)
 K - a ring of see invisible (right hand)
 P - an uncursed ring of flight {unknown}
Wands
 b - a wand of scattershot (7)
 p - a wand of paralysis (10)
 r - a wand of acid (4)
 w - a wand of disintegration (8)
 x - a wand of polymorph (21)
 E - a wand of iceblast (15)
 G - a wand of flame (38)
 I - a wand of clouds (10)
 Q - a wand of random effects (28)
Scrolls
 d - 3 scrolls of enchant armour
 f - 3 scrolls of random uselessness
 g - 2 scrolls of amnesia
 i - a scroll of noise
 j - 6 scrolls of identify
 l - 2 scrolls of immolation
 n - 3 scrolls of fog
 o - a scroll of enchant weapon {unknown}
 t - 14 scrolls of remove curse
 y - a scroll of magic mapping
 C - 8 scrolls of teleportation {unknown}
 O - a scroll of summoning {unknown}
Potions
 h - 5 potions of lignification
 k - 3 potions of agility
 m - 2 potions of degeneration
 s - a potion of invisibility
 u - 4 potions of haste
 B - a potion of cancellation
 F - a potion of ambrosia
 J - a potion of berserk rage {unknown}
 M - 2 potions of heal wounds
Comestibles
 c - 29 rations
 R - 4 chunks of flesh


   Skills:
 + Level 11.9 Fighting
 + Level 12.7 Axes
 + Level 1.0(8.4) Maces & Flails
 + Level 13.5 Bows
 + Level 10.2 Armour
 + Level 5.1 Dodging
 + Level 2.6 Stealth


You had 11 spell levels left.
You didn't know any spells.

Dungeon Overview and Level Annotations

Branches:
Dungeon (10/15)            Temple (0/1) D:4            Lair (5/6) D:8
 Shoals (0/4) Lair:4       Spider (0/4) Lair:3        Slime (0/5) Lair:5
    Orc: D:9-12

Altars:
Ashenzari
Cheibriados
Dithmenos
Fedhas
Hepliaklqana
Makhleb
Nemelex Xobeh
Okawaru
Qazlal
Ru
Trog
Vehumet
Zin
The Shining One

Shops:
D:9 (

Portals:
Trove: D:10 (give 5 potions of resistance)

Annotations:
Lair:1 exclusion: 3 oklob plants


Innate Abilities, Weirdness & Mutations

You reflexively headbutt those who attack you in melee.
You have a pair of horns on your head.


Message History

The wyvern bites you but does no damage.
The black mamba bites you but does no damage.
You slice the black mamba!! You freeze the black mamba.
You kill the black mamba!
Trog accepts your kill.
You closely miss the wyvern.
You feel sick. The wyvern bites you!
* * * LOW HITPOINT WARNING * * *
The wyvern bites you!
* * * LOW HITPOINT WARNING * * *
You closely miss the wyvern. Your headbutt misses the wyvern.
The wyvern is severely wounded.
You feel sick. The wyvern bites you!
* * * LOW HITPOINT WARNING * * *
The wyvern closely misses you.
A red film seems to cover your vision as you go berserk!
You feel yourself moving faster!
You feel mighty!
You are feeling very hungry.
* * * LOW HITPOINT WARNING * * *
You feel sick. The wyvern bites you!
You die...

,,,,,,,,,,,,,,,,,,*,,,,,,**,*,,**
,*,,,,,,,***,,,,,.#..,,,,,****,**
,**,,,,*** **,,,,...#,#,*,,**,,,*
****,,,,*****,,,*...#.,,**,*,*,**
* *,,,,*,,*,,,,*....,,.,,,,**,,*
** **,,,,,#######..#,...,*,,,,,**
,* *,*,*##§8§§§...#.8.8,,*,,,,*
*****,,**#§§§§§#........,,*,,,,**
*,,**,***#8§§§§'@†#,,,<,,,,,,,,,,
,,,*,,,,*#§§§§§#l?#,,,,,,,,,,,,,,
***,,.....§§8.##..#*,8,8,**,,*,**
**,,,....##(#####D.#,,,,,*,,**,**
,,,,,....*##,,,,*....,,,,,,,*,,*
,,,*,...,**,,,,**#..#.,,*,,,*,,**
,,,,,P.,,,,,,,,,,*..#*.,,,,*,,,,*
,**,,,,,,,,,,,,,,,#..,,,,,**,*,**
,***,,,,,,***,,*****,,,,,**,,,,*


You could see an eight-headed hydra and a wyvern.

Vanquished Creatures
  Erolcha (D:9)
  3 hydras
  A two-headed ogre (D:9)
  3 death yaks (D:8)
  2 oklob plants (Lair:1)
  Pikel (D:6)
  The ghost of Uhlv the Carver, a novice VSMo of Okawaru (D:6)
  5 black mambas
  2 gargoyles
  7 spiny frogs
  A komodo dragon (Lair:2)
  2 trolls
  A polar bear (Lair:4)
  4 blink frogs (Lair:3)
  9 hippogriffs
  5 yaks (Lair:1)
  A wyvern (D:10)
  Eustachio (D:4)
  3 basilisks (Lair:3)
  Menkaure (D:5)
  2 hungry ghosts
  12 water moccasins
  7 porcupines
  2 sky beasts
  2 slaves (D:6)
  An orc warrior (D:9)
  An ice beast (D:7)
  5 ogres
  3 wolves (Lair:2)
  6 centaurs
  A big kobold (D:8)
  4 crocodiles
  13 bullfrogs
  A wyvern zombie (D:9)
  A scorpion (Lair:3)
  3 killer bees (D:8)
  17 wights
  3 crimson imps
  A centaur zombie (D:5)
  3 centaur skeletons
  4 hounds
  3 orc priests
  Crazy Yiuf (D:4)
  2 bullfrog skeletons
  9 worker ants
  Ijyb (D:3)
  3 iguanas
  Natasha (twice) (D:4)
  12 orc wizards
  A hound zombie (D:6)
  A hound skeleton (D:9)
  4 gnolls (D:9)
  11 adders
  A river rat (D:8)
  3 shadow imps
  An ooze (D:6)
  2 adder skeletons
  11 worms
  3 dart slugs
  7 leopard geckos
  39 orcs
  6 giant cockroaches
  10 goblins
  11 hobgoblins
  15 jackals
  6 quokkas
  A ball python (D:5)
  6 bats
  5 frilled lizards
  12 kobolds
  A leopard gecko zombie (D:7)
  12 rats
  4 fungi
352 creatures vanquished.

Vanquished Creatures (others)
  3 fungi (Lair:2)
  A plant (Lair:2)
4 creatures vanquished.

Grand Total: 356 creatures vanquished

Notes
Turn   | Place    | Note
-------+----------+-------------------------------------------
     0 | D:1      | nikopol the Minotaur Berserker began the quest for the Orb.
     0 | D:1      | Reached XP level 1. HP: 19/19 MP: 0/0
   325 | D:1      | Reached XP level 2. HP: 24/27 MP: 1/1
   580 | D:1      | Reached XP level 3. HP: 18/33 MP: 2/2
   597 | D:1      | Reached ** piety under Trog
  1242 | D:2      | Found a stormy altar of Qazlal.
  1243 | D:2      | Noticed an earth elemental
  1245 | D:2      | Noticed a water elemental
  1245 | D:2      | Noticed an air elemental
  1245 | D:2      | Noticed a fire elemental
  1316 | D:2      | Noticed a moth of wrath
  1319 | D:2      | Found a bloodstained altar of Trog.
  1555 | D:2      | Reached XP level 4. HP: 11/41 MP: 3/3
  2576 | D:3      | Reached *** piety under Trog
  2576 | D:3      | Reached skill level 5 in Axes
  2645 | D:3      | Noticed Ijyb
  2653 | D:3      | Killed Ijyb
  2653 | D:3      | Reached XP level 5. HP: 31/47 MP: 4/4
  3364 | D:3      | Reached skill level 1 in Stealth
  3570 | D:4      | Noticed Eustachio
  3579 | D:4      | Killed Eustachio
  3579 | D:4      | Reached skill level 5 in Fighting
  3579 | D:4      | Reached XP level 6. HP: 54/56 MP: 5/5
  3730 | D:4      | Found a staircase to the Ecumenical Temple.
  3814 | D:4      | Reached XP level 7. HP: 49/61 MP: 6/6
  3977 | D:4      | Found a blossoming altar of Fedhas.
  4004 | D:4      | Received a gift from Trog
  4081 | D:4      | Noticed Natasha
  4087 | D:4      | Killed Natasha
  4158 | D:4      | Reached **** piety under Trog
  4158 | D:4      | Reached skill level 5 in Armour
  4251 | D:4      | Noticed Natasha
  4255 | D:4      | Killed Natasha
  4328 | D:4      | Found a runed door.
  4332 | D:4      | Noticed Crazy Yiuf
  4334 | D:4      | Killed Crazy Yiuf
  4424 | D:5      | Entered Level 5 of the Dungeon
  4652 | D:5      | Reached skill level 1 in Bows
  4698 | D:5      | Reached XP level 8. HP: 46/69 MP: 7/7
  4852 | D:5      | Reached skill level 2 in Bows
  4856 | D:5      | Noticed Menkaure
  4863 | D:5      | Killed Menkaure
  5040 | D:5      | Reached skill level 3 in Bows
  5270 | D:5      | Found a shadowy altar of Dithmenos.
  5371 | D:5      | Found an iron altar of Okawaru.
  5819 | D:6      | Reached skill level 4 in Bows
  6033 | D:6      | Noticed Pikel
  6042 | D:6      | Killed Pikel
  6042 | D:6      | Reached skill level 5 in Bows
  6042 | D:6      | Reached XP level 9. HP: 76/78 MP: 8/8
  6057 | D:6      | Found a radiant altar of Vehumet.
  6062 | D:6      | Found a burning altar of Makhleb.
  6066 | D:6      | Reached skill level 6 in Bows
  6247 | D:6      | Found a shattered altar of Ashenzari.
  6334 | D:6      | Noticed Uhlv's ghost (novice VSMo)
  6343 | D:6      | Killed Uhlv's ghost
  6705 | D:7      | Reached skill level 7 in Bows
  6725 | D:7      | Found a sparkling altar of Nemelex Xobeh.
  6937 | D:7      | Noticed an angel
  6938 | D:7      | Found a glowing silver altar of Zin.
  7066 | D:7      | Found a glowing golden altar of the Shining One.
  7126 | D:7      | Reached skill level 8 in Bows
  7164 | D:7      | Found a sacrificial altar of Ru.
  7210 | D:7      | Reached ***** piety under Trog
  7329 | D:8      | Noticed a gargoyle
  7339 | D:8      | Killed a gargoyle
  7339 | D:8      | Reached XP level 10. HP: 47/88 MP: 9/9
  7583 | D:8      | Reached skill level 9 in Bows
  7923 | D:8      | Noticed a death yak
  7928 | D:8      | Noticed a death yak
  7930 | D:8      | Noticed a death yak
  7968 | D:8      | Killed a death yak
  8068 | D:8      | Killed a death yak
  8068 | D:8      | Reached skill level 10 in Bows
  8071 | D:8      | Killed a death yak
  8403 | D:8      | Found a staircase to the Lair.
  8734 | D:8      | Found a snail-covered altar of Cheibriados.
  8771 | D:8      | Reached skill level 10 in Axes
  9018 | D:8      | Found a hazy altar of Hepliaklqana.
  9045 | D:9      | Noticed Erolcha
  9049 | D:9      | Killed Erolcha
  9265 | D:9      | Noticed a two-headed ogre
  9272 | D:9      | Killed a two-headed ogre
  9272 | D:9      | Reached skill level 11 in Bows
  9272 | D:9      | Reached skill level 5 in Dodging
  9272 | D:9      | Reached XP level 11. HP: 89/97 MP: 10/10
  9279 | D:9      | Received a gift from Trog
  9355 | D:9      | Got a jewelled chain mail
  9366 | D:9      | Identified the +8 chain mail of the Fifty Blessings {Dex+2} (You found it on level 9 of the Dungeon)
  9564 | D:9      | Found Tikiv's Weapon Emporium.
  9891 | D:10     | Entered Level 10 of the Dungeon
  9908 | D:10     | Received a gift from Trog
 10216 | D:10     | Found a portal to a secret trove of treasure.
 10693 | Lair:1   | Entered Level 1 of the Lair of Beasts
 11067 | Lair:1   | Reached skill level 10 in Fighting
 11433 | Lair:1   | Noticed an oklob plant
 11766 | Lair:1   | Killed an oklob plant
 12025 | Lair:1   | Noticed an oklob plant
 12025 | Lair:1   | Noticed an oklob plant
 12025 | Lair:1   | Noticed an oklob plant
 12025 | Lair:1   | Noticed an oklob plant
 12352 | Lair:1   | Killed an oklob plant
 12352 | Lair:1   | Reached skill level 12 in Bows
 12910 | Lair:2   | You fall through a shaft!
 13555 | Lair:2   | Noticed a seven-headed hydra
 13565 | Lair:2   | Killed a seven-headed hydra
 13565 | Lair:2   | Reached XP level 12. HP: 58/108 MP: 11/11
 14413 | Lair:3   | Noticed an eight-headed hydra
 14538 | Lair:3   | Killed an eight-headed hydra
 14538 | Lair:3   | Received a gift from Trog
 14860 | Lair:3   | Found a hole to the Spider Nest.
 15072 | Lair:3   | Reached skill level 1 in Maces & Flails
 15072 | Lair:3   | Reached skill level 13 in Bows
 15635 | Lair:4   | Received a gift from Trog
 15635 | Lair:4   | Reached skill level 10 in Armour
 15683 | Lair:4   | Noticed an eight-headed hydra
 15690 | Lair:4   | Killed an 11-headed hydra
 16082 | Lair:4   | Found a staircase to the Shoals.
 16304 | Lair:5   | Noticed an eight-headed hydra
 16307 | Lair:5   | Slain by a wyvern

Vault maps used:
D:1:      dpeg_arrival_morbid_curiosity
D:2:      nicolae_qazlal_style_of_elements, minmay_item_behind_shaft, tgw_trog
D:3:      minivault_24, minmay_misc_feat_iff, minmay_misc_feat_square,
          hangedman_decor_points, st_stairs_3, uniq_ijyb
D:4:      fedhas_altar_2, minmay_temple_entry_enclosed_plants, minivault_14,
          uniq_crazy_yiuf_cottage, uniq_natasha, uniq_eustachio
D:5:      kennysheep_mini, first_ration, st_stairs_1, minivault_24,
          minmay_misc_feat_x, nicolae_dithmenos_through_a_glass_darkly,
          uniq_menkaure
D:6:      grunt_temple_overflow_lords_of_destruction, lemuel_doored_altar,
          kennysheep_generic_room_16, uniq_pikel
D:7:      zin_angel, nemelex_xobeh_ov_fountains_minmay,
          nicolae_ru_sacrificial_ziggurat, tso_oasis_becter
D:8:      lemuel_coloured_pillars_altar, kennysheep_little_box,
          dpeg_lair_monsters, grunt_ogre_cave
D:9:      serial_shops, shop_statue, uniq_erolcha
D:10:     enter_trove_6, kennysheep_generic_room_8
Lair:1:   dpeg_oklob_gauntlet
Lair:2:   grunt_megastairs_5
Lair:3:   nicolae_spider_entry_non_spiders
Lair:4:   shoals_dummy_entry
Lair:5:   minmay_slime_entry_oklob_enclosed, nicolae_volcano_entry_hallway,
          minmay_lair_oklob_chamber, grunt_megastairs_2

Skill      XL: |  1  2  3  4  5  6  7  8  9 10 11 12 |
---------------+-------------------------------------+-----
Fighting       | 4 5 6 8 9 10 11 | 11.9
Axes           | 4 5 6 8 9 10 12 | 12.7
Armour         | 3 4 5 6 7 8 9 10 | 10.2
Dodging        | 3 4 5 |  5.1
Stealth        | 1 2 |  2.6
Bows           | 1 5 8 11 12 13 | 13.5
Maces & Flails | 1 |  1.0

Action                   |  1- 3 |  4- 6 |  7- 9 | 10-12 || total
-------------------------+-------+-------+-------+-------++-------
Melee: Hand axe          |    78 |   112 |   118 |       ||   308
       Headbutt          |    11 |    21 |    25 |    52 ||   109
       War axe           |       |       |    22 |       ||    22
       Battleaxe         |       |       |     1 |   266 ||   267
       Shortbow          |       |       |       |     1 ||     1
       Dire flail        |       |       |       |     5 ||     5
 Fire: Shortbow          |       |       |   151 |   452 ||   603
Invok: Berserk           |       |     4 |     2 |     5 ||    11
       Burn Spellbooks   |       |       |     1 |     6 ||     7
Evoke: Wand              |       |       |       |     1 ||     1
  Use: Scroll            |       |       |       |    17 ||    17
 Stab: Sleeping          |     1 |       |       |       ||     1
  Eat: Chunk             |     2 |     6 |    14 |    31 ||    53
       Ration            |       |     1 |       |     1 ||     2
Armor: Animal skin       |    18 |       |       |       ||    18
       Ring mail         |       |    16 |    30 |    16 ||    62
       Chain mail        |       |       |       |   156 ||   156
Dodge: Dodged            |    46 |    79 |    83 |   181 ||   389

Table legend:
 A = Spawn XP
 B = Non-spawn XP
 C = Spawn XP percentage of total XP
 D = Spawn monster count
 E = Non-spawn monster count
 F = Spawn count percentage of total count
 G = Total turns spent on level
                    A         B        C        D         E        F      G
               +---------+---------+-------+---------+---------+-------+---------
         Total |       0 |   33182 |   0.0 |       0 |     346 |   0.0 | 16307
               +---------+---------+-------+---------+---------+-------+---------
           D:1 |       0 |      56 |   0.0 |       0 |      32 |   0.0 |  1190
           D:2 |       0 |      75 |   0.0 |       0 |      31 |   0.0 |  1377
           D:3 |       0 |     163 |   0.0 |       0 |      26 |   0.0 |   980
           D:4 |       0 |     698 |   0.0 |       0 |      23 |   0.0 |   877
           D:5 |       0 |    1036 |   0.0 |       0 |      25 |   0.0 |  1391
           D:6 |       0 |    1739 |   0.0 |       0 |      23 |   0.0 |   717
           D:7 |       0 |    1346 |   0.0 |       0 |      18 |   0.0 |   843
           D:8 |       0 |    4219 |   0.0 |       0 |      27 |   0.0 |  1733
           D:9 |       0 |    3105 |   0.0 |       0 |      25 |   0.0 |   905
          D:10 |       0 |    2089 |   0.0 |       0 |      36 |   0.0 |   680
        Lair:1 |       0 |    4290 |   0.0 |       0 |      17 |   0.0 |  2154
        Lair:2 |       0 |    4703 |   0.0 |       0 |      22 |   0.0 |  1502
        Lair:3 |       0 |    5446 |   0.0 |       0 |      27 |   0.0 |  1161
        Lair:4 |       0 |    2937 |   0.0 |       0 |      10 |   0.0 |   755
        Lair:5 |       0 |    1280 |   0.0 |       0 |       4 |   0.0 |    42
               +---------+---------+-------+---------+---------+-------+---------
